Workbook

Sheet Debt Tracker
A1: Debt Payoff Tracker
A2: Track balances, payments, interest rates and payoff progress
A4: Debt ID | B4: Debt Name | C4: Debt Type | D4: Lender | E4: Original Balance | F4: Current Balance | G4: Interest Rate | H4: Minimum Payment | I4: Extra Payment | J4: Total Monthly Payment | K4: Due Date | L4: Payoff Progress | M4: Status | N4: Notes
A5: =IF(B5="","", "D"&TEXT(ROW()-4,"000")) -> D001 | B5: Visa Credit Card | C5: Credit Card | D5: ABC Bank | E5: 90000 | F5: 52000 | G5: 0.185 | H5: 2500 | I5: 2000 | J5: =IF(B5="","",H5+I5) -> 4500 | K5: 46290 | L5: =IF(OR(E5="",F5=""),"",MAX(0,MIN(1,(E5-F5)/E5))) -> 0.42222222 | M5: Active | N5: Focus on high interest
A6: =IF(B6="","", "D"&TEXT(ROW()-4,"000")) -> D002 | B6: Personal Loan | C6: Personal Loan | D6: XYZ Finance | E6: 150000 | F6: 185000 | G6: 0.1325 | H6: 8500 | I6: 2200 | J6: =IF(B6="","",H6+I6) -> 10700 | K6: 46275 | L6: =IF(OR(E6="",F6=""),"",MAX(0,MIN(1,(E6-F6)/E6))) -> 0 | M6: Active
A7: =IF(B7="","", "D"&TEXT(ROW()-4,"000")) -> D003 | B7: Car Loan | C7: Auto Loan | D7: National Bank | E7: 600000 | F7: 410000 | G7: 0.095 | H7: 12500 | I7: 1200 | J7: =IF(B7="","",H7+I7) -> 13700 | K7: 46270 | L7: =IF(OR(E7="",F7=""),"",MAX(0,MIN(1,(E7-F7)/E7))) -> 0.31666667 | M7: Active
A8: =IF(B8="","", "D"&TEXT(ROW()-4,"000")) -> D004 | B8: Home Loan | C8: Home Loan | D8: Prime Housing | E8: 2500000 | F8: 2180000 | G8: 0.084 | H8: 22500 | I8: 5000 | J8: =IF(B8="","",H8+I8) -> 27500 | K8: 46272 | L8: =IF(OR(E8="",F8=""),"",MAX(0,MIN(1,(E8-F8)/E8))) -> 0.128 | M8: Active
A9: =IF(B9="","", "D"&TEXT(ROW()-4,"000")) -> D005 | B9: Education Loan | C9: Education Loan | D9: Student Finance | E9: 400000 | F9: 285000 | G9: 0.1075 | H9: 7000 | I9: 1500 | J9: =IF(B9="","",H9+I9) -> 8500 | K9: 46280 | L9: =IF(OR(E9="",F9=""),"",MAX(0,MIN(1,(E9-F9)/E9))) -> 0.2875 | M9: Active
A10: =IF(B10="","", "D"&TEXT(ROW()-4,"000")) -> D006 | B10: Store Card | C10: Credit Card | D10: Retail Bank | E10: 80000 | F10: 18000 | G10: 0.23 | H10: 1500 | I10: 2500 | J10: =IF(B10="","",H10+I10) -> 4000 | K10: 46285 | L10: =IF(OR(E10="",F10=""),"",MAX(0,MIN(1,(E10-F10)/E10))) -> 0.775 | M10: Active | N10: High priority
A11: =IF(B11="","", "D"&TEXT(ROW()-4,"000")) -> D007 | B11: Medical Bill | C11: Medical Debt | D11: City Hospital | E11: 75000 | F11: 30000 | G11: 0 | H11: 3000 | I11: 1000 | J11: =IF(B11="","",H11+I11) -> 4000 | K11: 46283 | L11: =IF(OR(E11="",F11=""),"",MAX(0,MIN(1,(E11-F11)/E11))) -> 0.6 | M11: Active | N11: Interest-free
A12: =IF(B12="","", "D"&TEXT(ROW()-4,"000")) -> D008 | B12: Family Loan | C12: Personal Loan | D12: Family | E12: 150000 | F12: 90000 | G12: 0.05 | H12: 5000 | I12: 1000 | J12: =IF(B12="","",H12+I12) -> 6000 | K12: 46277 | L12: =IF(OR(E12="",F12=""),"",MAX(0,MIN(1,(E12-F12)/E12))) -> 0.4 | M12: Active
A13: =IF(B13="","", "D"&TEXT(ROW()-4,"000")) -> D009 | B13: Two-Wheeler Loan | C13: Auto Loan | D13: ABC Bank | E13: 120000 | F13: 45000 | G13: 0.115 | H13: 4500 | I13: 1500 | J13: =IF(B13="","",H13+I13) -> 6000 | K13: 46273 | L13: =IF(OR(E13="",F13=""),"",MAX(0,MIN(1,(E13-F13)/E13))) -> 0.625 | M13: Active
A14: =IF(B14="","", "D"&TEXT(ROW()-4,"000")) -> D010 | B14: Personal Credit Line | C14: Personal Loan | D14: Quick Finance | E14: 200000 | F14: 125000 | G14: 0.16 | H14: 6500 | I14: 2000 | J14: =IF(B14="","",H14+I14) -> 8500 | K14: 46293 | L14: =IF(OR(E14="",F14=""),"",MAX(0,MIN(1,(E14-F14)/E14))) -> 0.375 | M14: Active
A15: TOTAL / SUMMARY | E15: =SUM(E5:E14) -> 4365000 | F15: =SUM(F5:F14) -> 3420000 | H15: =SUM(H5:H14) -> 73500 | I15: =SUM(I5:I14) -> 19900 | J15: =SUM(J5:J14) -> 93400

Sheet Dashboard
A1: Debt Payoff Dashboard
A3: Total Original Debt | B3: =SUM('Debt Tracker'!E5:E104) -> 8730000 | D3: Debt Name | E3: Current Balance
A4: Current Debt Balance | B4: =SUM('Debt Tracker'!F5:F104) -> 6840000 | D4: ='Debt Tracker'!B5 -> Visa Credit Card | E4: ='Debt Tracker'!F5 -> 52000
A5: Total Paid Down | B5: =B3-B4 -> 1890000 | D5: ='Debt Tracker'!B6 -> Personal Loan | E5: ='Debt Tracker'!F6 -> 185000
A6: Overall Payoff Progress | B6: =IFERROR(B5/B3,0) -> 0.21649485 | D6: ='Debt Tracker'!B7 -> Car Loan | E6: ='Debt Tracker'!F7 -> 410000
A7: Total Minimum Payments | B7: =SUM('Debt Tracker'!H5:H104) -> 147000 | D7: ='Debt Tracker'!B8 -> Home Loan | E7: ='Debt Tracker'!F8 -> 2180000
A8: Total Extra Payments | B8: =SUM('Debt Tracker'!I5:I104) -> 39800 | D8: ='Debt Tracker'!B9 -> Education Loan | E8: ='Debt Tracker'!F9 -> 285000
A9: Total Monthly Payments | B9: =SUM('Debt Tracker'!J5:J104) -> 186800 | D9: ='Debt Tracker'!B10 -> Store Card | E9: ='Debt Tracker'!F10 -> 18000
A10: Active Debts | B10: =COUNTIF('Debt Tracker'!M5:M104,"Active") -> 10 | D10: ='Debt Tracker'!B11 -> Medical Bill | E10: ='Debt Tracker'!F11 -> 30000
A11: Paid Off Debts | B11: =COUNTIF('Debt Tracker'!M5:M104,"Paid Off") -> 0 | D11: ='Debt Tracker'!B12 -> Family Loan | E11: ='Debt Tracker'!F12 -> 90000
D12: ='Debt Tracker'!B13 -> Two-Wheeler Loan | E12: ='Debt Tracker'!F13 -> 45000
D13: ='Debt Tracker'!B14 -> Personal Credit Line | E13: ='Debt Tracker'!F14 -> 125000
A14: How to Use
A15: 1. Enter or update your debts on the Debt Tracker sheet.
A16: 2. Update Current Balance after each payment.
A17: 3. Use Minimum Payment + Extra Payment to track your monthly payoff plan.
A18: 4. Dashboard metrics and progress update automatically.
A19: 5. Choose a payoff approach such as Avalanche or Snowball when planning extra payments.

Sheet Lists
A1: Debt Type | B1: Strategy | C1: Status
A2: Credit Card | B2: Avalanche | C2: Active
A3: Personal Loan | B3: Snowball | C3: Paid Off
A4: Auto Loan | B4: Custom | C4: On Hold
A5: Home Loan
A6: Education Loan
A7: Medical Debt
A8: Other
